 Dungeon Crawl Stone Soup version 0.23-a0-837-ga3e6480 (console) character file.

4072 Duffy the Destroyer (level 10, 75/75 HPs)
             Began as a Naga Wizard on Jan 24, 2019.
             Was a Believer of Vehumet.
             Quit the game on level 8 of the Dungeon.
             The game lasted 00:12:52 (11129 turns).

Duffy the Destroyer (Naga Wizard)                  Turns: 11129, Time: 00:12:53

Health: 75/75      AC: 14    Str: 10    XL:     10   Next: 25%
Magic:  26/26      EV:  9    Int: 22    God:    Vehumet [**....]
Gold:   556        SH:  0    Dex:  9    Spells: 12/24 levels left

rFire    + . .     SeeInvis +   y - staff of fire {!a}
rCold    . . .     Gourm    .   (no shield)
rNeg     . . .     Faith    .   l - +4 moon troll leather armour {Spirit, Regen++ MP+5}
rPois    +         Spirit   +   b - +0 hat
rElec    .         Reflect  .   (no cloak)
rCorr    +         Harm     +   h - +0 pair of gloves
MR       +....                  (no barding)
Stlth    ++........             t - amulet of harm
HPRegen  1.02/turn              r - ring of resist corrosion
MPRegen  0.20/turn              v - +4 ring of protection

@: very slow
A: large, see invisible, deformed body, poison resistance, slowness 2, slow
metabolism 1, spit poison 1, AC +3
a: Spit Poison, Renounce Religion


You were on level 8 of the Dungeon.
You worshipped Vehumet.
Vehumet was pleased with you.
You were not hungry.

You visited 1 branch of the dungeon, and saw 8 of its levels.

You collected 556 gold pieces.

Inventory:

Hand Weapons
 a - a +0 scythe
 x - a +0 flail of protection
 E - a +1 whip of freezing
Missiles
 f - 7 javelins (quivered)
Armour
 b - a +0 hat (worn)
 h - a +0 pair of gloves (worn)
 l - the +4 moon troll leather armour (worn) {Spirit, Regen++ MP+5}
   (You found it on level 4 of the Dungeon)

   It affects your magic capacity (+5).
   It increases your rate of regeneration.
Magical Staves
 y - an uncursed staff of fire (weapon) {!a}
 G - an uncursed staff of poison
Jewellery
 r - a ring of resist corrosion (left hand)
 t - an amulet of harm (around neck)
 v - a +4 ring of protection (right hand)
Wands
 w - a wand of disintegration (9)
Scrolls
 c - a scroll of blinking
 e - a scroll of amnesia {unknown}
 g - 3 scrolls of remove curse
 i - 4 scrolls of immolation
 j - 2 scrolls of fear {unknown}
 k - 6 scrolls of identify
 n - 3 scrolls of teleportation {unknown}
 o - 3 scrolls of enchant weapon {unknown}
 D - a scroll of random uselessness {unknown}
 F - a scroll of enchant armour {unknown}
 H - a scroll of noise {unknown}
Potions
 m - 2 potions of haste {unknown}
 p - 4 potions of heal wounds {unknown}
 q - a potion of mutation {unknown}
 s - 3 potions of curing {unknown}
 u - a potion of invisibility {unknown}
 z - 3 potions of degeneration {unknown}
 A - 2 potions of ambrosia {unknown}
 B - a potion of flight {unknown}
 C - a potion of lignification
Comestibles
 d - 16 rations
 I - a chunk of flesh


   Skills:
 - Level 1.5 Dodging
 - Level 3.0 Stealth
 + Level 7.8 Spellcasting
 + Level 8.4 Conjurations
 + Level 4.3 Charms
   Level 1.0 Summonings
 + Level 4.4 Necromancy
 - Level 3.0 Translocations
 - Level 3.0 Fire Magic
 - Level 3.0 Air Magic
 - Level 3.0 Poison Magic


You had 12 spell levels left.
You knew the following spells:

 Your Spells              Type           Power        Failure   Level  Hunger
h - Magic Dart            Conj           ####         1%          1    None
l - Conjure Flame         Conj/Fire      ######..     3%          3    None
o - Mephitic Cloud        Conj/Pois/Air  ####....     4%          3    None
y - Regeneration          Chrm/Necr      ####......   4%          3    None
B - Blink                 Tloc           N/A          4%          2    None

Your spell library contained the following spells:

 Spells                   Type           Power        Failure   Level  Hunger
 Throw Frost              Conj/Ice       ####..       2%          2    None
 Animate Skeleton         Necr           N/A          1%          1    None
 Pain                     Necr           ####         1%          1    None
 Vampiric Draining        Necr           ####......   4%          3    None
 Call Imp                 Summ           ##......     11%         2    None
 Slow                     Hex            #.......     16%         2    None
 Animate Dead             Necr           N/A          17%         4    ###....


Dungeon Overview and Level Annotations

Branches:
Dungeon (8/15)             Temple (0/1) D:6
   Lair: D:8-11

Altars:
Cheibriados
Elyvilon
Makhleb
Okawaru
Qazlal
Ru
Vehumet
Yredelemnul

Shops:
D:8 :


Innate Abilities, Weirdness & Mutations

You cannot wear boots.
Your serpentine skin is tough. (AC +3)
You have supernaturally acute eyesight. (SInv)
Armour fits poorly on your strangely shaped body.
Your system is resistant to poisons. (rPois)
You cover ground very slowly.
You have a slow metabolism.
You can spit poison.


Message History

Eating one of 2 chunks of flesh.
You eat one of the 2 chunks of flesh.
This raw flesh tastes terrible.
A basilisk comes into view.
The basilisk moves out of view.
You now have 556 gold pieces (gained 10).
An elephant comes into view.
An elephant is nearby!
Casting: Magic Dart (safe; 1% risk of failure)
Confirm with . or Enter, or press ? or * to list all spells.
Aiming: Magic Dart (safe; 1% risk of failure)
Press: ? - help, Shift-Dir - straight line, f - elephant
Aim: an elephant (hasn't noticed you)
The magic dart hits the elephant but does no damage.
Casting: Magic Dart (safe; 1% risk of failure)
Confirm with . or Enter, or press ? or * to list all spells.
You can't see any susceptible monsters within range! (Use Z to cast anyway.)
Casting: Magic Dart (safe; 1% risk of failure)
Confirm with . or Enter, or press ? or * to list all spells.
You don't know that spell.
Are you sure you want to abandon this character and quit the game? (Confirm with "yes".)

###'### #.
###.....### #.
##.........## ##.
#..}.....}..# ##..
#.....8.....# #...
##._.###._.### ##..
###########.###
#.#####.
#....%....#
#.......
#.@####.#.#
#######. ##..#
##.#.# ##' ####.#.#
#....# ##..
#...##.# #....#
##... ##.###.#
#....## ##.... #Y
#.###)#...####.....
..
.............+.....
.#.
#.........####.....
.##. #####....##
##....


You could see an elephant.

Vanquished Creatures
  Pikel (D:7)
  Prince Ribbit (D:7)
  Sigmund (D:4)
  A wyvern (D:6)
  A vampire mosquito (D:7)
  Edmund (D:4)
  A sky beast (D:5)
  An orc warrior (D:8)
  A slave (D:7)
  4 ice beasts
  An ogre (D:8)
  2 centaurs
  A big kobold (D:7)
  4 bullfrogs
  A water moccasin zombie (D:7)
  A scorpion (D:6)
  3 killer bees (D:6)
  9 wights (D:8)
  2 howler monkeys
  3 crimson imps
  2 bullfrog zombies
  4 jellies
  6 hounds
  A bullfrog skeleton (D:7)
  2 orc priests (D:7)
  An orc wizard (D:8)
  2 centaur skeletons
  4 iguanas
  4 worker ants
  A hound skeleton (D:8)
  A worker ant zombie (D:8)
  7 gnolls
  4 adders
  2 shadow imps
  2 oozes
  An adder skeleton (D:4)
  6 worms
  2 dart slugs
  3 leopard geckos (D:1)
  15 orcs
  A ball python (D:1)
  4 giant cockroaches
  7 hobgoblins
  16 jackals
  5 quokkas
  9 bats
  5 frilled lizards
  8 goblins
  12 kobolds
  A quokka skeleton (D:7)
  11 rats
189 creatures vanquished.

Vanquished Creatures (others)
  A jackal (D:2)
1 creature vanquished.

Grand Total: 190 creatures vanquished

Notes
Turn   | Place    | Note
-------+----------+-------------------------------------------
     0 | D:1      | Duffy the Naga Wizard began the quest for the Orb.
     0 | D:1      | Reached XP level 1. HP: 15/15 MP: 4/4
   174 | D:1      | Reached XP level 2. HP: 22/22 MP: 6/6
   594 | D:1      | Reached skill level 2 in Conjurations
   656 | D:1      | Reached XP level 3. HP: 18/28 MP: 3/7
   661 | D:1      | Learned a level 3 spell: Mephitic Cloud
   665 | D:1      | Learned a level 3 spell: Conjure Flame
   806 | D:1      | Learned a level 2 spell: Blink
  1654 | D:2      | Found a radiant altar of Vehumet.
  1939 | D:2      | Became a worshipper of Vehumet
  1949 | D:2      | Reached XP level 4. HP: 36/36 MP: 2/9
  2583 | D:3      | Reached skill level 3 in Conjurations
  2801 | D:3      | Found a white marble altar of Elyvilon.
  2988 | D:3      | Reached * piety under Vehumet
  2988 | D:3      | Offered knowledge of Sandblast by Vehumet.
  3267 | D:3      | Reached XP level 5. HP: 42/42 MP: 5/11
  3436 | D:3      | Reached skill level 1 in Poison Magic
  3966 | D:4      | Reached skill level 1 in Air Magic
  4122 | D:4      | Found the +4 moon troll leather armour {Spirit, Regen++
                  | MP+5}
  4146 | D:4      | Reached skill level 1 in Fire Magic
  4653 | D:4      | Noticed Sigmund
  5136 | D:4      | Reached XP level 6. HP: 49/49 MP: 10/12
  5692 | D:4      | Killed Sigmund
  5692 | D:4      | Reached XP level 7. HP: 32/55 MP: 5/13
  5810 | D:5      | Entered Level 5 of the Dungeon
  5814 | D:5      | Reached skill level 4 in Conjurations
  5856 | D:5      | Noticed Edmund
  5879 | D:4      | Killed Edmund
  6417 | D:5      | Reached XP level 8. HP: 62/62 MP: 12/14
  6463 | D:5      | Found a sacrificial altar of Ru.
  6520 | D:5      | Reached skill level 5 in Conjurations
  6932 | D:6      | Noticed a wyvern
  6939 | D:6      | Killed a wyvern
  6939 | D:6      | Reached skill level 5 in Spellcasting
  7022 | D:6      | Reached skill level 6 in Conjurations
  7152 | D:6      | Found a staircase to the Ecumenical Temple.
  7334 | D:6      | Offered knowledge of Throw Frost by Vehumet.
  7836 | D:7      | Noticed Prince Ribbit
  7970 | D:7      | Found a burning altar of Makhleb.
  7972 | D:7      | Found a basalt altar of Yredelemnul.
  7991 | D:7      | Killed Prince Ribbit
  7991 | D:7      | Reached skill level 7 in Conjurations
  7991 | D:7      | Reached XP level 9. HP: 49/68 MP: 5/18
  8091 | D:7      | Learned a level 3 spell: Regeneration
  8132 | D:7      | Reached ** piety under Vehumet
  8139 | D:7      | Reached skill level 1 in Charms
  8139 | D:7      | Reached skill level 1 in Necromancy
  9225 | D:7      | Noticed Pikel
  9233 | D:7      | Killed Pikel
  9877 | D:8      | Reached skill level 8 in Conjurations
 10013 | D:8      | Reached XP level 10. HP: 73/75 MP: 19/21
 10203 | D:8      | Found Qionail's Book Boutique.
 10299 | D:8      | Found a stormy altar of Qazlal.
 10738 | D:8      | Found a snail-covered altar of Cheibriados.
 10738 | D:8      | Found an iron altar of Okawaru.
 11124 | D:8      | Noticed an elephant
 11129 | D:8      | Quit the game

Vault maps used:
D:1:      dpeg_arrival_rhombus, minmay_pentomino_p4
D:2:      fiery_altar_vehumet
D:3:      nicolae_overflow_crystal_walls, serial_forest,
          infiniplex_forest_lined_2, infiniplex_forest_corner_1,
          infiniplex_forest_lined_2, infiniplex_forest_lined_3,
          infiniplex_forest_lined_room_3, infiniplex_forest_clump_medium,
          infiniplex_forest_straight_1, infiniplex_forest_pool,
          infiniplex_forest_lined_2, infiniplex_forest_end_2
D:4:      minmay_wonky_spiral, minmay_checkerbox, uniq_sigmund
D:5:      first_ration, basic_altar, uniq_edmund
D:6:      minmay_temple_entry_tees
D:7:      chequers_temple_overflow_statue_of_worship, serial_glass,
          glass_columns_c, glass_columns_a, minmay_chambers_of_fives,
          uniq_pikel, uniq_prince_ribbit1
D:8:      gammafunk_temple_overflow_pools, david_lair_generic, basic_altar,
          serial_shops, shop

Skill      XL: |  1  2  3  4  5  6  7  8  9 10 |
---------------+-------------------------------+-----
Conjurations   | 2 3 4 7 8 |  8.4
Spellcasting   | 4 6 7 |  7.8
Poison Magic   | 2 3 |  3.0
Air Magic      | 1 2 3 |  3.0
Fire Magic     | 1 2 3 |  3.0
Translocations | 2 3 |  3.0
Charms         | 3 4 |  4.3
Necromancy     | 3 4 |  4.4
Dodging        | |  1.5
Stealth        | |  3.0
Summonings     | |  1.0

Action                   |  1- 3 |  4- 6 |  7- 9 | 10-12 || total
-------------------------+-------+-------+-------+-------++-------
Throw: Javelin           |       |     7 |     4 |       ||    11
 Cast: Magic Dart        |   114 |   151 |   306 |   126 ||   697
       Blink             |       |     2 |     2 |     1 ||     5
       Conjure Flame     |       |     1 |    10 |     7 ||    18
       Mephitic Cloud    |       |     1 |     8 |     2 ||    11
 Abil: Spit Poison       |    11 |    23 |    19 |     3 ||    56
  Use: Scroll            |       |       |       |     4 ||     4
  Eat: Chunk             |     2 |    11 |     8 |     3 ||    24
       Ration            |       |       |     1 |       ||     1
Armor: Robe              |    14 |     6 |       |       ||    20
       Troll leather arm |       |     9 |    87 |    13 ||   109
Dodge: Dodged            |    23 |    20 |    71 |    19 ||   133

Table legend:
 A = Non-vault XP
 B = Vault XP
 C = Vault XP percentage of total XP
 D = Non-vault monster count
 E = Vault monster count
 F = Vault count percentage of total count
                 A         B        C        D         E       F
            +---------+---------+-------+---------+---------+-------
      Total |    4133 |    1685 |  29.0 |     173 |      15 |   8.0
            +---------+---------+-------+---------+---------+-------
        D:1 |      59 |       4 |   6.3 |      35 |       3 |   7.9
        D:2 |      46 |       0 |   0.0 |      20 |       0 |   0.0
        D:3 |     111 |       0 |   0.0 |      24 |       0 |   0.0
        D:4 |     131 |     460 |  77.8 |       9 |       6 |  40.0
        D:5 |     460 |       0 |   0.0 |       9 |       0 |   0.0
        D:6 |     789 |       0 |   0.0 |      18 |       0 |   0.0
        D:7 |     894 |    1221 |  57.7 |      28 |       6 |  17.6
        D:8 |    1643 |       0 |   0.0 |      30 |       0 |   0.0
            +---------+---------+-------+---------+---------+-------
